 Dungeon Sprint DCSS version 0.17-a0-1763-g847a857 (webtiles) character file.

685 kosy22 the Grappler (level 7, -20/80 HPs)
             Began as a Troll Berserker on Sept 5, 2015.
             Was an Initiate of Nemelex Xobeh.
             Killed from afar by an ice dragon (25 damage)
             ... with a blast of cold
             ... in the Dungeon (Sprint IX: "|||||||||||||||||||||||||||||").
             The game lasted 00:02:28 (194 turns).

kosy22 the Grappler (Troll Berserker)                Turns: 194, Time: 00:02:28

Health: -20/80     AC:  8    Str: 31    XL:     7   Next: 35%
Magic:  6/6        EV: 12    Int:  3    God:    Nemelex Xobeh [......]
Gold:   0          SH:  0    Dex:  9    Spells: 0 memorised, 6 levels left

rFire  . . .     SeeInvis .     t - plain deck of destruction {drawn: 1}
rCold  . . .     Clarity  .     a - +0 animal skin
rNeg   . . .     SustAt   .     (no shield)
rPois  .         Gourm    +     (helmet restricted)
rElec  .         Spirit   .     q - +0 cloak
rCorr  .         Warding  .     (gloves unavailable)
rMut   .         NoTele   +     (boots unavailable)
MR     .....                    (no amulet)
Stlth  +.........               r - +2 ring of protection
                                s - +3 ring of strength

@: not resistant to hostile enchantments, very unstealthy
A: unfitting armour, claws 3, fast metabolism 3, gourmand, regeneration 2,
shaggy fur 1, tough skin 2
a: Renounce Religion


You were in the Dungeon.
You worshipped Nemelex Xobeh.
Nemelex Xobeh was noncommittal.
You were not hungry.

You visited 1 branch

Inventory:

Hand weapons
 n - a +2 halberd of venom
 o - a +1 broad axe of freezing
Armour
 a - a +0 animal skin (worn)
 p - a +0 pair of gloves
 q - a +0 cloak (worn)
Magical staves
 m - an uncursed staff of energy
Jewellery
 r - a +2 ring of protection (right claw)
 s - a +3 ring of strength (left claw)
Magical devices
 l - a wand of cold (7)
Scrolls
 h - 2 scrolls of blinking
 j - 3 scrolls of remove curse
 k - 2 scrolls of amnesia
Potions
 c - 5 potions of curing
 d - 3 potions of heal wounds
 e - a potion of haste
 f - 4 potions of magic
 g - a potion of berserk rage
 i - a potion of invisibility
Miscellaneous
 t - a plain deck of destruction {drawn: 1} (in claw)
Comestibles
 b - 2 bread rations


   Skills:
 + Level 8.0 Fighting
 + Level 1.4 Polearms
 + Level 8.6 Dodging
 + Level 0.1 Stealth
 + Level 9.4 Unarmed Combat


You had 6 spell levels left.
You didn't know any spells.

Dungeon Overview and Level Annotations

Branches:
Dungeon (1/1)

Altars:
Cheibriados
Dithmenos
Elyvilon
Fedhas
Gozag
Kikubaaqudgha
Makhleb
Nemelex Xobeh
Okawaru
Qazlal
Ru
Sif Muna
Trog
Vehumet
Xom
Yredelemnul
Zin
The Shining One
Beogh
Jiyva
Lugonu


Innate Abilities, Weirdness & Mutations

You are too large for most types of armour.
You have claws for hands.
Your metabolism is lightning-fast.
You like to eat raw meat.
You heal very quickly.
You are covered in fur (AC +1).
You have very tough skin (AC +2).


Message History

t - a plain deck of destruction (in claw)
The white ugly thing bites you! The white ugly thing freezes you!!
* * * LOW HITPOINT WARNING * * *
You draw a card...
It is Degeneration.
The white ugly thing evaporates and reforms as an ice dragon!
The ice dragon twists and deforms.
The iguana evaporates and reforms as a river rat!
The river rat twists and deforms.
The hill giant evaporates and reforms as a slime creature!
The slime creature twists and deforms.
The sky beast evaporates and reforms as a tengu!
The tengu twists and deforms.
The giant frog evaporates and reforms as a worm!
The worm twists and deforms.
The jelly evaporates and reforms as a river rat!
The river rat twists and deforms.
The ice dragon breathes frost at you. The blast of cold hits you!
You die...
Your body disappears without a glow.

▓r▓
▓.▓
▓w▓
▓Q▓
▓J▓
▓r▓
▓D▓
▓@▓
▓.▓
▓.▓
▓.▓
▓.▓
▓.▓
▓)▓
▓.▓
▓.▓


You could see an ice dragon, a slime creature, a tengu, a worm and 2 river rats.

Vanquished Creatures
  A black bear (D)
  3 ice beasts (D)
  2 ogres (D)
  A big kobold (D)
  A killer bee (D)
  An orc priest (D)
  An orc (D)
  A hobgoblin (D)
  A kobold (D)
  2 giant cockroaches (D)
  A giant newt (D)
  A jackal (D)
16 creatures vanquished.

Notes
Turn   | Place    | Note
--------------------------------------------------------------
     0 | D        | kosy22 the Troll Berserker began the quest for the Orb.
     0 | D        | Reached XP level 1. HP: 22/22 MP: 0/0
    13 | D        | Acquired Trog's second power
    24 | D        | Noticed an ice beast
    24 | D        | Noticed an ice beast
    24 | D        | Noticed an ice beast
    24 | D        | Noticed an orc priest
    33 | D        | Killed an orc priest
    33 | D        | Reached skill level 4 in Unarmed Combat
    33 | D        | Reached XP level 2. HP: 25/32 MP: 1/1
    33 | D        | Reached XP level 3. HP: 30/39 MP: 2/2
    37 | D        | Killed an ice beast
    37 | D        | Reached skill level 5 in Fighting
    37 | D        | Reached skill level 5 in Dodging
    37 | D        | Reached skill level 6 in Unarmed Combat
    37 | D        | Reached XP level 4. HP: 38/50 MP: 3/3
    47 | D        | Killed an ice beast
    47 | D        | Reached skill level 7 in Unarmed Combat
    47 | D        | Reached XP level 5. HP: 48/59 MP: 4/4
    52 | D        | Killed an ice beast
    52 | D        | Acquired Trog's third power
    52 | D        | Reached skill level 8 in Unarmed Combat
    52 | D        | Reached XP level 6. HP: 41/68 MP: 5/5
    99 | D        | Found a glowing silver altar of Zin.
    99 | D        | Found a glowing golden altar of the Shining One.
    99 | D        | Found an ancient bone altar of Kikubaaqudgha.
    99 | D        | Found a basalt altar of Yredelemnul.
    99 | D        | Found a shimmering altar of Xom.
    99 | D        | Found a radiant altar of Vehumet.
   100 | D        | Found an iron altar of Okawaru.
   101 | D        | Found a burning altar of Makhleb.
   102 | D        | Found a deep blue altar of Sif Muna.
   103 | D        | Found a bloodstained altar of Trog.
   104 | D        | Found a sparkling altar of Nemelex Xobeh.
   105 | D        | Found a white marble altar of Elyvilon.
   106 | D        | Found a roughly hewn altar of Beogh.
   107 | D        | Found a viscous altar of Jiyva.
   110 | D        | Found a corrupted altar of Lugonu.
   111 | D        | Found a blossoming altar of Fedhas.
   112 | D        | Found a snail-covered altar of Cheibriados.
   113 | D        | Found a shadowy altar of Dithmenos.
   114 | D        | Fell from the grace of Trog
   114 | D        | Became a worshipper of Nemelex Xobeh the Trickster
   115 | D        | Found a stormy altar of Qazlal.
   116 | D        | Found an opulent altar of Gozag.
   117 | D        | Found a sacrificial altar of Ru.
   156 | D        | Noticed an ogre
   156 | D        | Noticed an ogre
   156 | D        | Noticed a black bear
   156 | D        | Noticed a big kobold
   156 | D        | Noticed a killer bee
   160 | D        | Killed a killer bee
   169 | D        | Killed a big kobold
   174 | D        | Killed a black bear
   174 | D        | Reached skill level 9 in Unarmed Combat
   174 | D        | Reached XP level 7. HP: 48/78 MP: 6/6
   181 | D        | Killed an ogre
   181 | D        | Reached skill level 1 in Polearms
   183 | D        | Killed an ogre
   191 | D        | Received a gift from Nemelex Xobeh
   191 | D        | Noticed a jelly
   191 | D        | Noticed a giant frog
   191 | D        | Noticed a sky beast
   191 | D        | Noticed a hill giant
   191 | D        | Noticed an iguana
   191 | D        | Noticed a white ugly thing
   194 | D        | Noticed an ice dragon
   194 | D        | a white ugly thing changed into an ice dragon
   194 | D        | an iguana changed into a river rat
   194 | D        | Noticed a slime creature
   194 | D        | a hill giant changed into a slime creature
   194 | D        | a sky beast changed into a tengu
   194 | D        | a giant frog changed into a worm
   194 | D        | a jelly changed into a river rat
   194 | D        | Killed from afar by an ice dragon

Vault maps used:
D:        linesprint

Action                   |  1- 3 |  4- 6 |  7- 9 || total
-------------------------+-------+-------+-------++-------
Melee: Unarmed           |    26 |    16 |       ||    42
       Halberd           |       |    18 |     9 ||    27
Evoke: Deck              |       |       |     1 ||     1
